[ AOE2 MATCH · #506095287 ]
UnrankedVikings vs Persians
Player's team · LOSS
Rival team · WIN
[ REPLAY ANALYSIS · EXTRACTED FROM THE RECORDED GAME ]
Feudal
—
Castle
—
Imperial
—
| APM avg | 68.2 |
| APM peak | 95 |
| eAPM avg | 22.1 |
| Villagers / military | 24 / 0 |
Focus
⚔️ 30.7% · 🌾 69.3%
Feudal
—
Castle
—
Imperial
—
| APM avg | 43.8 |
| APM peak | 64 |
| eAPM avg | 16.6 |
| Villagers / military | 17 / 0 |
Focus
⚔️ 33.3% · 🌾 66.7%
Match map
Initial resources + every placement click. Lines = walls · curves = elevation contours. ◆ gold · ⬟ stone · ● berries · ✦ relic · ◌ wall gap
Your base
Failey's base
Smoothed initial terrain · ◌ = detected wall gap · hover for details
Inputs per minute
— HSL | AtomicMuffin - - Failey
Build order — HSL | AtomicMuffin
30 actions detected in the replay
| 0:00 | Queue | Villager (Male) |
| 0:01 | Queue | Villager (Male) |
| 0:01 | Queue | Villager (Male) |
| 0:02 | Build | House |
| 0:03 | Build | House |
| 0:08 | Queue | Villager (Male) |
| 0:08 | Queue | Villager (Male) |
| 0:09 | Queue | Villager (Male) |
| 1:27 | Queue | Villager (Male) |
| 1:28 | Queue | Villager (Male) |
| 1:52 | Build | Lumber Camp |
| 2:02 | Queue | Villager (Male) |
| 2:15 | Research | Loom |
| 2:47 | Queue | Villager (Male) |
| 2:47 | Queue | Villager (Male) |
| 3:21 | Queue | Villager (Male) |
| 3:22 | Queue | Villager (Male) |
| 4:04 | Queue | Villager (Male) |
| 4:04 | Queue | Villager (Male) |
| 4:20 | Queue | Villager (Male) |
| 4:40 | Queue | Villager (Male) |
| 4:40 | Queue | Villager (Male) |
| 5:10 | Queue | Villager (Male) |
| 5:10 | Queue | Villager (Male) |
| 5:10 | Queue | Villager (Male) |
| 5:41 | Build | Mill |
| 5:43 | Queue | Villager (Male) |
| 5:43 | Queue | Villager (Male) |
| 5:45 | Build | House |
| 6:05 | Queue | Villager (Male) |
Build order — Failey
27 actions detected in the replay
| 0:00 | Queue | Villager (Male) |
| 0:00 | Queue | Villager (Male) |
| 0:01 | Queue | Villager (Male) |
| 0:01 | Queue | Villager (Male) |
| 0:02 | Build | House |
| 0:04 | Build | House |
| 0:08 | Queue | Villager (Male) |
| 0:40 | Research | Loom |
| 0:40 | Queue | Villager (Male) |
| 0:46 | Queue | Villager (Male) |
| 0:46 | Queue | Villager (Male) |
| 1:40 | Queue | Villager (Male) |
| 2:10 | Build | Palisade Wall |
| 2:34 | Queue | Villager (Male) |
| 3:04 | Build | Palisade Wall |
| 3:09 | Build | Palisade Wall |
| 3:10 | Build | Palisade Wall |
| 3:12 | Build | Palisade Wall |
| 3:15 | Queue | Villager (Male) |
| 3:41 | Queue | Villager (Male) |
| 4:30 | Queue | Villager (Male) |
| 4:57 | Queue | Villager (Male) |
| 4:57 | Queue | Villager (Male) |
| 5:12 | Build | Lumber Camp |
| 5:17 | Queue | Villager (Male) |
| 5:29 | Build | House |
| 5:50 | Queue | Villager (Male) |
Match timeline
| 2:10 | Failey · wall_segment Palisade Wall x1 |
| 3:04 | Failey · wall_segment Palisade Wall x1 |
| 3:09 | Failey · wall_segment Palisade Wall x1 |
| 3:10 | Failey · wall_segment Palisade Wall x1 |
| 3:12 | Failey · wall_segment Palisade Wall x1 |
| 6:34 | HSL | AtomicMuffin · resign |
[ AI ANALYSIS · 1 CREDIT ]
What really happened in this match?
Wolo.gg analyzes every decision: build order, eco, micro, common mistakes by bracket. Personalized analysis on WhatsApp or Discord in 30 seconds.
Civ guide
Vikings
Perfil
Jugador #250274